General information
- name: BNet
- type: Ladder team game (AT/RT)
- host: Battle.net
- saver: ExtremePorn
map: MarketSquare
- players: 8
- length: 65:52
- speed: Fast
- version: 1.26 W3XP
- replay type: Public
» download(350 KB)
Players
team 1 (loser)
Fumbler (
purple | 40 APM | 2614 actions | 65:52)
6 Pandaren Brewmaster
1 Drunken Haze
1 Drunken Brawler
3 Breath of Fire
1 Storm Earth and Fire
5 Paladin
3 Devotion Aura
2 Holy Light
4 Beastmaster
2 Summon Quilbeast
2 Summon Bear
» actions
| Assign group hotkey | 8 | |
| Basic commands | 96 | |
| Build / train | 179 | |
| ESC pressed | 13 | |
| Enter build submenu | 45 | |
| Enter hero's abilities submenu | 15 | |
| Give item / drop item | 4 | |
| Right click | 1144 | |
| Select / deselect | 923 | |
| Select group hotkey | 4 | |
| Use ability | 183 | |
2614 total
» units
| Peasant | 58 | |
| Footman | 9 | |
| Forest Troll High Priest | 1 | |
| Knight | 5 | |
| Siege Engine | 11 | |
| Flying Machine | 29 | |
113 total
» upgrades
| Defend | 1 | |
| Swords | 3 | |
| Animal War Training | 1 | |
| Plating | 3 | |
| Barrage | 1 | |
| Lumber Harvesting | 2 | |
| Gunpowder | 3 | |
| Flak Cannons | 1 | |
| Flying Machine Bombs | 1 | |
| Masonry | 1 | |
| Armor | 1 | |
18 total
» buildings
| Farm | 15 | |
| Barracks | 2 | |
| Altar of Kings | 2 | |
| Arcane Vault | 1 | |
| Scout Tower | 6 | |
| Lumber Mill | 4 | |
| Arcane Tower | 1 | |
| Keep | 2 | |
| Blacksmith | 1 | |
| Town Hall | 10 | |
| Castle | 1 | |
| Arcane Sanctum | 2 | |
| Workshop | 4 | |
| Guard Tower | 5 | |
56 total
» build order
00:11 Farm
00:15 Barracks
00:30 Altar of Kings
01:09 Farm
01:54 Farm
02:36 Farm
02:49 Arcane Vault
03:00 Scout Tower
03:29 Farm
03:34 Lumber Mill
03:45 Lumber Mill
03:54 Arcane Tower
04:50 Keep
05:07 Blacksmith
05:35 Farm
06:03 Town Hall
07:16 Castle
10:00 Barracks
10:10 Farm
10:13 Farm
10:14 Farm
11:09 Town Hall
12:01 Farm
12:04 Farm
12:05 Farm
12:05 Farm
13:57 Arcane Sanctum
14:00 Arcane Sanctum
14:37 Workshop
14:43 Workshop
19:35 Town Hall
24:27 Town Hall
26:54 Town Hall
27:14 Workshop
30:30 Workshop
35:07 Scout Tower
36:53 Town Hall
36:57 Town Hall
37:03 Town Hall
37:35 Town Hall
40:01 Town Hall
42:36 Lumber Mill
42:39 Lumber Mill
42:46 Scout Tower
42:48 Scout Tower
42:50 Scout Tower
43:06 Scout Tower
43:17 Guard Tower
43:21 Guard Tower
43:32 Guard Tower
43:47 Guard Tower
43:47 Guard Tower
45:16 Altar of Kings
45:20 Farm
45:22 Farm
» items
| Scroll of Regeneration | 2 | |
| Boots of Speed | 2 | |
| Circlet of Nobility | 2 | |
| Potion of Healing | 2 | |
| Orb of Fire | 2 | |
| Scroll of Protection | 1 | |
| Scroll of Healing | 1 | |
| Scroll of Town Portal | 1 | |
| Potion of Lesser Invulnerability | 1 | |
| Staff of Teleportation | 2 | |
| Tome of Retraining | 1 | |
17 total

»
SMEAGEL (
green | 19 APM | 1274 actions | 65:52)
6 Archmage
3 Blizzard
2 Brilliance Aura
1 Mass Teleport
» actions
| Basic commands | 4 | |
| Build / train | 115 | |
| Enter build submenu | 13 | |
| Enter hero's abilities submenu | 7 | |
| Remove unit from queue | 1 | |
| Right click | 508 | |
| Select / deselect | 502 | |
| Use ability | 124 | |
1274 total
» units
| Peasant | 9 | |
| Sorceress | 3 | |
| Mortar Team | 40 | |
| Siege Engine | 11 | |
| Spell Breaker | 6 | |
69 total
» upgrades
| Gunpowder | 2 | |
| Sorceress Training | 1 | |
| Magic Sentry | 1 | |
| Masonry | 3 | |
| Armor | 1 | |
| Barrage | 1 | |
| Plating | 2 | |
11 total
» buildings
| Lumber Mill | 1 | |
| Farm | 10 | |
| Altar of Kings | 1 | |
| Keep | 1 | |
| Arcane Vault | 1 | |
| Blacksmith | 1 | |
| Arcane Sanctum | 1 | |
| Workshop | 2 | |
| Scout Tower | 10 | |
| Guard Tower | 3 | |
| Castle | 1 | |
| Town Hall | 1 | |
33 total
» build order
00:22 Lumber Mill
00:50 Farm
01:02 Altar of Kings
01:10 Farm
01:11 Farm
01:12 Farm
01:14 Farm
01:14 Farm
01:15 Farm
01:17 Farm
02:21 Keep
02:36 Arcane Vault
02:54 Blacksmith
04:52 Arcane Sanctum
04:59 Workshop
05:02 Workshop
08:53 Scout Tower
08:54 Scout Tower
08:56 Scout Tower
08:57 Scout Tower
08:58 Scout Tower
08:59 Scout Tower
09:00 Scout Tower
10:37 Guard Tower
11:34 Guard Tower
12:11 Castle
14:15 Scout Tower
14:16 Scout Tower
14:18 Scout Tower
14:51 Farm
14:52 Farm
17:14 Guard Tower
25:04 Town Hall
» items
| Scroll of Regeneration | 7 | |
| Lesser Clarity Potion | 2 | |
| Potion of Healing | 2 | |
| Scroll of Town Portal | 3 | |
| Staff of Teleportation | 1 | |
| Potion of Lesser Invulnerability | 1 | |
| Potion of Invisibility | 1 | |
17 total
ExtremePorn (
yellow | 94 APM | 6160 actions | 65:52)
8 Blood Mage
3 Flame Strike
3 Siphon Mana
1 Summon Phoenix
1 Banish
1 Goblin Alchemist
1 Chemical Rage
1 Beastmaster
1 Summon Hawk
» actions
| Assign group hotkey | 102 | |
| Basic commands | 836 | |
| Build / train | 247 | |
| ESC pressed | 24 | |
| Enter build submenu | 79 | |
| Enter hero's abilities submenu | 10 | |
| Give item / drop item | 9 | |
| Remove unit from queue | 1 | |
| Right click | 1835 | |
| Select / deselect | 564 | |
| Select group hotkey | 2192 | |
| Use ability | 261 | |
6160 total
» units
| Peasant | 61 | |
| Footman | 7 | |
| Dragonhawk Rider | 6 | |
| Gryphon Rider | 10 | |
84 total
» upgrades
| Masonry | 3 | |
| Lumber Harvesting | 2 | |
| Swords | 3 | |
| Cloud | 1 | |
| Armor | 3 | |
| Animal War Training | 1 | |
| Storm Hammers | 1 | |
| Backpack | 1 | |
15 total
» buildings
| Altar of Kings | 1 | |
| Barracks | 1 | |
| Farm | 15 | |
| Arcane Vault | 1 | |
| Town Hall | 4 | |
| Lumber Mill | 1 | |
| Scout Tower | 47 | |
| Arcane Tower | 2 | |
| Keep | 3 | |
| Guard Tower | 61 | |
| Blacksmith | 1 | |
| Castle | 3 | |
| Gryphon Aviary | 5 | |
145 total
» build order
01:16 Altar of Kings
01:17 Barracks
01:19 Farm
01:45 Farm
01:48 Farm
02:06 Farm
02:30 Arcane Vault
02:34 Farm
03:14 Farm
04:17 Town Hall
04:29 Lumber Mill
04:41 Scout Tower
04:45 Scout Tower
05:11 Arcane Tower
06:18 Keep
06:18 Keep
07:36 Town Hall
07:39 Scout Tower
07:40 Scout Tower
07:41 Scout Tower
07:42 Scout Tower
08:15 Guard Tower
08:15 Guard Tower
08:42 Blacksmith
09:14 Castle
09:14 Castle
09:40 Gryphon Aviary
10:11 Guard Tower
10:12 Guard Tower
10:13 Guard Tower
10:14 Guard Tower
11:03 Gryphon Aviary
11:45 Gryphon Aviary
12:33 Scout Tower
12:34 Scout Tower
13:02 Guard Tower
13:02 Guard Tower
13:13 Guard Tower
13:42 Scout Tower
13:43 Scout Tower
13:44 Scout Tower
13:46 Scout Tower
13:47 Scout Tower
15:14 Guard Tower
15:15 Guard Tower
15:15 Guard Tower
16:58 Farm
16:58 Farm
16:59 Farm
17:02 Farm
17:03 Farm
19:45 Scout Tower
19:46 Scout Tower
19:46 Scout Tower
19:46 Scout Tower
19:47 Scout Tower
19:48 Scout Tower
20:20 Guard Tower
20:20 Guard Tower
23:09 Scout Tower
23:09 Scout Tower
23:10 Scout Tower
23:10 Scout Tower
23:11 Scout Tower
23:11 Scout Tower
23:41 Guard Tower
23:41 Guard Tower
23:41 Guard Tower
23:42 Guard Tower
23:42 Guard Tower
23:43 Guard Tower
23:43 Guard Tower
23:43 Guard Tower
23:44 Guard Tower
23:44 Guard Tower
23:44 Guard Tower
23:44 Guard Tower
23:45 Guard Tower
23:45 Guard Tower
25:40 Farm
25:40 Farm
25:41 Farm
26:04 Farm
28:21 Gryphon Aviary
28:22 Gryphon Aviary
29:40 Scout Tower
29:40 Scout Tower
29:41 Scout Tower
29:41 Scout Tower
29:42 Scout Tower
30:30 Guard Tower
30:30 Guard Tower
31:31 Guard Tower
31:31 Guard Tower
36:59 Scout Tower
36:59 Scout Tower
37:00 Scout Tower
37:00 Scout Tower
37:01 Scout Tower
37:30 Town Hall
37:31 Guard Tower
37:31 Guard Tower
37:32 Guard Tower
37:32 Guard Tower
39:23 Town Hall
44:55 Scout Tower
44:57 Scout Tower
44:58 Scout Tower
44:58 Scout Tower
44:59 Scout Tower
45:34 Guard Tower
50:11 Scout Tower
50:12 Scout Tower
50:12 Scout Tower
50:13 Scout Tower
50:14 Scout Tower
50:19 Scout Tower
50:19 Scout Tower
53:15 Guard Tower
53:15 Guard Tower
» items
| Scroll of Regeneration | 7 | |
| Lesser Clarity Potion | 4 | |
| Boots of Speed | 1 | |
| Potion of Invisibility | 4 | |
| Staff of Teleportation | 3 | |
| Scroll of Town Portal | 13 | |
| Ivory Tower | 4 | |
| Periapt of Vitality | 1 | |
| Staff of Sanctuary | 1 | |
| Scroll of Healing | 2 | |
40 total
tadatdatdatdow (
orange | 22 APM | 954 actions | 43:07)
5 Demon Hunter
3 Immolation
2 Mana Burn
» actions
| Basic commands | 55 | |
| Build / train | 90 | |
| Enter build submenu | 24 | |
| Enter hero's abilities submenu | 5 | |
| Right click | 369 | |
| Select / deselect | 348 | |
| Use ability | 63 | |
954 total
» units
| Wisp | 26 | |
| Archer | 9 | |
| Hippogryph | 26 | |
| Chimaera | 8 | |
69 total
» upgrades
| Hippogryph Taming | 1 | |
| Corrosive Breath | 1 | |
| Strength of the Wild | 3 | |
| Reinforced Hides | 3 | |
8 total
» buildings
| Moon Well | 8 | |
| Altar of Elders | 1 | |
| Ancient of War | 1 | |
| Ancient of Wonders | 1 | |
| Tree of Ages | 1 | |
| Tree of Life | 2 | |
| Tree of Eternity | 2 | |
| Ancient of Wind | 1 | |
| Hunter's Hall | 1 | |
| Ancient Protector | 6 | |
| Chimaera Roost | 2 | |
26 total
» build order
00:21 Moon Well
00:45 Altar of Elders
01:09 Ancient of War
01:20 Moon Well
01:42 Ancient of Wonders
02:05 Moon Well
02:40 Moon Well
03:37 Moon Well
04:10 Tree of Ages
04:49 Moon Well
05:26 Tree of Life
06:45 Tree of Eternity
06:52 Ancient of Wind
07:26 Moon Well
08:10 Hunter's Hall
08:56 Tree of Eternity
10:37 Ancient Protector
10:39 Ancient Protector
10:43 Ancient Protector
10:45 Ancient Protector
10:57 Ancient Protector
10:59 Ancient Protector
11:23 Chimaera Roost
11:25 Chimaera Roost
13:21 Moon Well
27:09 Tree of Life
» items
| Scroll of Town Portal | 2 | |
| Scroll of Healing | 1 | |
| Scroll of Regeneration | 1 | |
4 total
team 2 (winner)
dripinbeefflapz (
pink | 111 APM | 7282 actions | 65:52)
8 Mountain King
3 Storm Bolt
1 Thunder Clap
3 Bash
1 Avatar
7 Paladin
3 Holy Light
2 Divine Shield
1 Resurrection
1 Devotion Aura
» actions
| Assign group hotkey | 16 | |
| Basic commands | 15 | |
| Build / train | 54 | |
| Enter build submenu | 21 | |
| Enter hero's abilities submenu | 15 | |
| Give item / drop item | 3 | |
| Right click | 2897 | |
| Select / deselect | 341 | |
| Select group hotkey | 3787 | |
| Use ability | 133 | |
7282 total
» units
| Peasant | 11 | |
| Gryphon Rider | 3 | |
| Hippogryph | 5 | |
19 total
» upgrades
| Swords | 1 | |
| Armor | 2 | |
| Storm Hammers | 1 | |
4 total
» buildings
| Altar of Kings | 1 | |
| Farm | 9 | |
| Scout Tower | 4 | |
| Keep | 3 | |
| Arcane Tower | 1 | |
| Lumber Mill | 1 | |
| Arcane Vault | 1 | |
| Blacksmith | 1 | |
| Guard Tower | 2 | |
| Castle | 1 | |
| Gryphon Aviary | 3 | |
| Town Hall | 1 | |
28 total
» build order
00:22 Altar of Kings
00:37 Farm
01:15 Farm
02:09 Scout Tower
02:19 Keep
02:19 Keep
02:35 Scout Tower
02:38 Arcane Tower
02:42 Lumber Mill
02:47 Arcane Vault
02:56 Scout Tower
03:13 Blacksmith
03:19 Farm
03:54 Guard Tower
04:02 Scout Tower
04:51 Guard Tower
05:38 Castle
06:39 Gryphon Aviary
06:40 Gryphon Aviary
06:42 Gryphon Aviary
06:46 Farm
06:48 Farm
08:23 Farm
08:26 Farm
10:50 Farm
10:53 Farm
13:16 Town Hall
» items
| Scroll of Regeneration | 1 | |
| Lesser Clarity Potion | 1 | |
| Orb of Fire | 1 | |
| Scroll of Town Portal | 1 | |
| Scroll of Protection | 2 | |
6 total
elopf0 (
blue | 81 APM | 1306 actions | 16:12)
4 Keeper of the Grove
2 Force of Nature
1 Thorns Aura
1 Entangling Roots
2 Priestess of the Moon
1 Trueshot Aura
1 Searing Arrows
» actions
| Assign group hotkey | 11 | |
| Basic commands | 51 | |
| Build / train | 43 | |
| Enter build submenu | 18 | |
| Enter hero's abilities submenu | 6 | |
| Remove unit from queue | 1 | |
| Right click | 309 | |
| Select / deselect | 168 | |
| Select group hotkey | 668 | |
| Use ability | 31 | |
1306 total
» units
» upgrades
| Moon Armor | 1 | |
| Strength of the Moon | 1 | |
2 total
» buildings
| Moon Well | 9 | |
| Altar of Elders | 1 | |
| Ancient of War | 2 | |
| Tree of Ages | 1 | |
| Hunter's Hall | 1 | |
| Tree of Life | 2 | |
| Tree of Eternity | 2 | |
| Ancient of Wind | 2 | |
20 total
» build order
00:27 Moon Well
00:50 Altar of Elders
01:25 Ancient of War
01:29 Ancient of War
01:52 Moon Well
02:20 Moon Well
04:11 Moon Well
06:30 Tree of Ages
06:34 Hunter's Hall
06:44 Moon Well
07:06 Moon Well
07:56 Tree of Life
08:18 Moon Well
08:55 Tree of Eternity
08:55 Tree of Eternity
09:12 Ancient of Wind
09:15 Ancient of Wind
09:38 Moon Well
10:32 Tree of Life
10:52 Moon Well
Gifty (
red | 34 APM | 2234 actions | 65:52)
2 Death Knight
1 Death Coil
1 Unholy Aura
2 Dreadlord
1 Vampiric Aura
1 Carrion Swarm
2 Crypt Lord
1 Spiked Carapace
1 Impale
» actions
| Assign group hotkey | 62 | |
| Basic commands | 142 | |
| Build / train | 102 | |
| ESC pressed | 19 | |
| Enter build submenu | 28 | |
| Enter hero's abilities submenu | 8 | |
| Right click | 1156 | |
| Select / deselect | 408 | |
| Select group hotkey | 240 | |
| Use ability | 69 | |
2234 total
» units
| Acolyte | 8 | |
| Ghoul | 7 | |
| Gargoyle | 28 | |
| Frost Wyrm | 8 | |
51 total
» upgrades
| Creature Carapace | 2 | |
| Creature Attack | 2 | |
4 total
» buildings
| Ziggurat | 22 | |
| Crypt | 1 | |
| Altar of Darkness | 1 | |
| Nerubian Tower | 4 | |
| Halls of the Dead | 1 | |
| Graveyard | 1 | |
| Spirit Tower | 30 | |
| Sacrificial Pit | 1 | |
| Black Citadel | 1 | |
| Boneyard | 1 | |
63 total
» build order
00:53 Ziggurat
01:05 Crypt
02:00 Altar of Darkness
02:11 Nerubian Tower
03:49 Halls of the Dead
04:01 Graveyard
05:04 Ziggurat
05:06 Ziggurat
05:10 Ziggurat
05:11 Ziggurat
05:13 Ziggurat
06:10 Nerubian Tower
06:11 Spirit Tower
06:30 Spirit Tower
07:19 Sacrificial Pit
07:32 Ziggurat
07:34 Ziggurat
07:35 Ziggurat
08:04 Black Citadel
08:35 Nerubian Tower
08:36 Spirit Tower
08:39 Spirit Tower
10:39 Boneyard
14:44 Ziggurat
14:45 Ziggurat
14:46 Ziggurat
14:47 Ziggurat
14:48 Ziggurat
14:48 Ziggurat
14:49 Ziggurat
16:00 Spirit Tower
16:01 Spirit Tower
16:01 Spirit Tower
16:01 Spirit Tower
17:35 Spirit Tower
17:35 Spirit Tower
17:35 Spirit Tower
18:17 Spirit Tower
18:17 Spirit Tower
18:17 Spirit Tower
18:24 Spirit Tower
33:02 Ziggurat
33:03 Ziggurat
33:03 Ziggurat
33:03 Ziggurat
33:04 Ziggurat
33:58 Spirit Tower
33:58 Spirit Tower
33:58 Spirit Tower
33:59 Spirit Tower
34:00 Spirit Tower
34:00 Spirit Tower
34:02 Spirit Tower
34:03 Spirit Tower
34:03 Spirit Tower
» items

»
MyNuTzItCh (
teal | 15 APM | 1017 actions | 65:52)
4 Dreadlord
2 Vampiric Aura
2 Sleep
1 Dark Ranger
1 Black Arrow
» actions
| Assign group hotkey | 9 | |
| Basic commands | 18 | |
| Build / train | 84 | |
| Enter build submenu | 44 | |
| Enter hero's abilities submenu | 5 | |
| Right click | 493 | |
| Select / deselect | 287 | |
| Select group hotkey | 12 | |
| Use ability | 65 | |
1017 total
» units
| Acolyte | 14 | |
| Ghoul | 11 | |
| Obsidian Statue | 3 | |
| Necromancer | 3 | |
| Gargoyle | 14 | |
| Meatwagon | 5 | |
| Wisp | 3 | |
53 total
» upgrades
| Cannibalize | 1 | |
| Unholy Strength | 1 | |
| Unholy Armor | 1 | |
| Necromancer Training | 1 | |
| Skeletal Longevity | 1 | |
5 total
» buildings
| Ziggurat | 21 | |
| Crypt | 1 | |
| Graveyard | 2 | |
| Altar of Darkness | 1 | |
| Nerubian Tower | 4 | |
| Tomb of Relics | 1 | |
| Halls of the Dead | 1 | |
| Temple of the Damned | 2 | |
| Slaughterhouse | 1 | |
| Spirit Tower | 13 | |
| Black Citadel | 1 | |
| Sacrificial Pit | 1 | |
| Tree of Life | 1 | |
| Moon Well | 2 | |
| Altar of Elders | 1 | |
| Hunter's Hall | 1 | |
| Ancient of War | 1 | |
| Ancient Protector | 2 | |
57 total
» build order
00:16 Ziggurat
00:24 Crypt
00:52 Graveyard
01:05 Graveyard
01:17 Altar of Darkness
01:23 Ziggurat
01:30 Nerubian Tower
03:21 Tomb of Relics
03:46 Halls of the Dead
04:26 Ziggurat
07:00 Temple of the Damned
07:06 Slaughterhouse
07:12 Temple of the Damned
07:22 Ziggurat
07:29 Ziggurat
08:37 Ziggurat
09:03 Spirit Tower
09:06 Nerubian Tower
09:47 Spirit Tower
10:38 Ziggurat
10:45 Ziggurat
10:55 Ziggurat
11:03 Black Citadel
11:12 Ziggurat
11:18 Sacrificial Pit
11:40 Ziggurat
12:36 Nerubian Tower
12:39 Spirit Tower
12:42 Spirit Tower
12:45 Nerubian Tower
23:26 Ziggurat
23:35 Ziggurat
23:40 Spirit Tower
24:57 Spirit Tower
24:59 Spirit Tower
26:00 Ziggurat
26:06 Ziggurat
27:52 Ziggurat
27:59 Ziggurat
28:18 Ziggurat
28:54 Ziggurat
29:01 Ziggurat
29:04 Spirit Tower
29:11 Spirit Tower
29:29 Spirit Tower
29:51 Spirit Tower
30:18 Spirit Tower
31:05 Ziggurat
32:23 Spirit Tower
34:26 Tree of Life
38:00 Moon Well
38:12 Altar of Elders
38:33 Hunter's Hall
38:39 Moon Well
38:49 Ancient of War
42:56 Ancient Protector
43:00 Ancient Protector
Chat log
(00:12 / All) ExtremePorn: Sup what's your favourite prons
(00:21 / Allies) Fumbler: Asa
(00:42 / All) Fumbler: shes the best
(01:04 / All) ExtremePorn: Asa?
(01:12 / All) Fumbler: yeah
(01:14 / All) Fumbler: asa akira
(01:16 / All) Fumbler: asian
(01:20 / All) Fumbler: sucks the dick
(01:26 / All) SMEAGEL: used to be a man
(01:29 / Allies) Fumbler: does the anal
(01:40 / All) ExtremePorn: He says in allied caht does the anal
(02:04 / Allies) Fumbler: heroes ?
(02:09 / Allies) ExtremePorn: Blood mage of course
(02:41 / Allies) Fumbler: green whats u hrero
(02:50 / Allies) SMEAGEL: yes
(02:53 / Allies) Fumbler: what hero
(02:54 / Allies) Fumbler: is urs
(02:59 / Allies) SMEAGEL: yes
(05:37 / Allies) SMEAGEL: cancel
(06:07 / Allies) tadatdatdatdow: omw
(06:52 / Allies) SMEAGEL: ill rape them for that
(06:57 / Allies) SMEAGEL: get good units
(07:14 / Allies) SMEAGEL: 100 gold p[ls
(07:42 / Allies) tadatdatdatdow: grp up
(07:50 / Allies) SMEAGEL: i got this
(07:51 / Allies) ExtremePorn: hit here
(07:54 / Allies) SMEAGEL: hit expos
(07:54 / Allies) ExtremePorn: when we do
(08:00 / Allies) tadatdatdatdow: finish towers first
(08:10 / Allies) Fumbler: mid?
(09:22 / Allies) tadatdatdatdow: lol green
(09:24 / Allies) tadatdatdatdow: nice
(09:32 / Allies) ExtremePorn: a few hits and it dies
(09:35 / Allies) ExtremePorn: almost got it with just a hero
(09:44 / All) MyNuTzItCh: nice yellow that mh works good
(09:51 / All) ExtremePorn: Calling mh already? lol
(10:02 / All) tadatdatdatdow: bitch
(10:28 / All) tadatdatdatdow: das some stank breath
(10:31 / All) Fumbler: lol
(10:40 / Allies) SMEAGEL: 100 gold pls
(11:26 / Allies) tadatdatdatdow: its aight
(11:30 / All) ExtremePorn: So are you you are 20-22
(12:00 / All) MyNuTzItCh: yep yep
(12:06 / All) ExtremePorn: Nice acolytes noob
(12:18 / Allies) SMEAGEL: do we have aa
(12:22 / Allies) SMEAGEL: please tell me we do
(13:29 / Allies) SMEAGEL: got pink
(14:25 / Allies) Fumbler: we need mass aa
(14:34 / Allies) SMEAGEL: care oj
(14:36 / All) ExtremePorn: Nice ziggurats teal
(14:38 / Allies) SMEAGEL: b
(14:38 / Allies) SMEAGEL: b
(16:17 / All) tadatdatdatdow: did pink really leave his team
(17:46 / Allies) SMEAGEL: kiull potm
(18:13 / All) SMEAGEL: are we winnig?
(18:20 / All) Fumbler: they are so bad
(18:21 / Allies) tadatdatdatdow: yep
(18:27 / All) tadatdatdatdow: nah green was good
(18:40 / All) tadatdatdatdow: took em out from the start
(18:55 / All) tadatdatdatdow: ya
(19:14 / All) tadatdatdatdow: nice yellow
(19:16 / All) ExtremePorn: Thanks
(19:34 / Allies) SMEAGEL: chek expos
(19:44 / Allies) tadatdatdatdow: yellow took m eout lol
(20:29 / Allies) SMEAGEL: ensnare
(20:39 / Allies) SMEAGEL: double clik e
(20:47 / Allies) SMEAGEL: lmao
(20:57 / Allies) SMEAGEL: thx for the tk asswipe
(21:29 / Allies) SMEAGEL: y r u killing me
(21:36 / Allies) ExtremePorn: You're an asswipe
(22:40 / Allies) SMEAGEL: lol
(22:48 / Allies) SMEAGEL: there gonna win
(22:51 / Allies) ExtremePorn: Good
(22:53 / All) tadatdatdatdow: its all goo
(23:04 / All) ExtremePorn: It is, you get the loss
(23:06 / Allies) SMEAGEL: yelow yd u turn on us
(23:10 / All) tadatdatdatdow: lol
(23:14 / All) tadatdatdatdow: well that is a fact
(23:14 / All) ExtremePorn: I didn't like you
(23:20 / All) tadatdatdatdow: lol
(23:24 / All) tadatdatdatdow: my feelings are hurt
(23:27 / Allies) SMEAGEL: lol
(24:59 / Allies) Fumbler: this isnt good
(25:05 / Allies) SMEAGEL: lol
(25:08 / Allies) ExtremePorn: Yeah you think?
(26:46 / All) ExtremePorn: wtf I'm tking for you asshole pnik don't try killing my hero
(26:54 / All) tadatdatdatdow: u deserve it
(26:59 / All) ExtremePorn: lol
(27:46 / Allies) SMEAGEL: yelow u have no life
(28:00 / Allies) ExtremePorn: Leave and get a tie
(28:02 / Allies) ExtremePorn: Stay you get a loss
(28:28 / Allies) SMEAGEL: lol is this the only place u can have control vrigin
(29:01 / Allies) ExtremePorn: If it makes you feel better thinking that
(30:49 / All) tadatdatdatdow: i have to say.. this is probably the worst backstab effort i've seen... lol
(30:56 / All) tadatdatdatdow: he struggles
(30:57 / All) tadatdatdatdow: lol
(31:02 / All) ExtremePorn: Yeah I am struggling so bad to kill you all
(31:11 / All) ExtremePorn: It's why I've scarcely lost a couple of units
(31:12 / All) tadatdatdatdow: lol ok
(31:14 / Allies) SMEAGEL: let him have his day
(31:21 / Allies) SMEAGEL: he fails in real life
(31:40 / Allies) ExtremePorn: Write something new
(31:44 / Allies) ExtremePorn: I get that one all the time
(31:46 / Allies) ExtremePorn: It's very unoriginal
(31:57 / Allies) SMEAGEL: well
(31:58 / Allies) ExtremePorn: Everyone in this game isn't very creative with insults
(32:05 / Allies) SMEAGEL: u get it alot because its true
(32:20 / Allies) SMEAGEL: either that or ur like 12 years old
(32:25 / All) Fumbler: wtf is happening in this game
(32:38 / All) tadatdatdatdow: i have to say i thought it wwas a brilliant move but actually
(32:41 / All) tadatdatdatdow: he sucks at it
(32:42 / All) tadatdatdatdow: lol
(32:56 / All) ExtremePorn: Oh?
(33:06 / All) tadatdatdatdow: h?
(33:07 / All) tadatdatdatdow: oh?
(33:12 / All) tadatdatdatdow: sounds white
(33:15 / All) ExtremePorn: It sure seems to be working well for me
(33:25 / All) tadatdatdatdow: lol i didnt say it wasnt working
(33:28 / All) tadatdatdatdow: pay attn son
(33:29 / All) tadatdatdatdow: lol
(35:24 / All) tadatdatdatdow: teal to save the day
(35:28 / All) tadatdatdatdow: yellow needs help
(35:33 / All) ExtremePorn: lawl
(35:37 / All) tadatdatdatdow: lol
(35:38 / All) ExtremePorn: My team has only 2 insults
(35:42 / All) ExtremePorn: They aren't very creative
(35:44 / All) tadatdatdatdow: lol ur team
(35:46 / All) tadatdatdatdow: lol
(35:48 / All) tadatdatdatdow: LOLOLOLOL
(35:50 / All) ExtremePorn: I've heard those a million times
(36:05 / All) tadatdatdatdow: million times lol
(36:20 / All) ExtremePorn: I'm a profesional backstabber of course
(36:30 / All) tadatdatdatdow: lol u keep telling urself that
(36:34 / All) SMEAGEL: cut yourself emo
(36:38 / All) tadatdatdatdow: never seen a backstab take this long
(36:40 / All) tadatdatdatdow: lol
(36:52 / All) ExtremePorn: You've never played with me before then, I like to let my prey have a jolly long time
(37:01 / All) tadatdatdatdow: uhm ok
(37:03 / All) tadatdatdatdow: sure
(37:10 / All) ExtremePorn: Ever heard the term mexican standoff?
(37:16 / All) tadatdatdatdow: yep
(37:17 / All) ExtremePorn: Only 1 has left
(37:17 / All) dripinbeefflapz: leave yellow
(37:19 / All) tadatdatdatdow: and this isnt one
(37:21 / Allies) SMEAGEL: love how this kid thinks hes cool
(37:21 / All) tadatdatdatdow: lol
(37:33 / All) tadatdatdatdow: i know
(37:41 / All) tadatdatdatdow: i think he is a little confused
(37:45 / All) tadatdatdatdow: or just little
(37:47 / All) tadatdatdatdow: not sure which
(37:48 / All) tadatdatdatdow: LOL
(37:57 / All) tadatdatdatdow: he is working hard tho
(38:09 / All) ExtremePorn: Nice flak
(38:21 / All) tadatdatdatdow: same line
(38:22 / All) tadatdatdatdow: lol
(38:47 / All) Fumbler: lame
(38:58 / Allies) SMEAGEL: i raped this game too
(39:01 / All) ExtremePorn: Copters aren't very good versus allies
(39:05 / Allies) ExtremePorn: You couldn't even defend 1 team mate
(39:09 / All) dripinbeefflapz: lol
(39:15 / All) ExtremePorn: Everyone stay
(39:19 / All) tadatdatdatdow: lol
(39:20 / All) ExtremePorn: You all will have an equal chance at victory
(39:27 / All) tadatdatdatdow: yeah sure
(39:29 / All) ExtremePorn: After my team I will kill everything including my own stuff
(39:32 / All) ExtremePorn: Only a couple buildings will remain
(39:34 / All) tadatdatdatdow: lol
(39:35 / All) ExtremePorn: It will be a mexican standoff
(39:37 / All) ExtremePorn: Best internet wins
(39:39 / All) ExtremePorn: Sound fair?
(39:43 / All) Fumbler: are you going to mine all the gold?
(39:48 / All) tadatdatdatdow: sounds wierd
(39:49 / All) ExtremePorn: of course
(40:12 / All) ExtremePorn: stop
(40:13 / All) tadatdatdatdow: lol pink rules!
(40:15 / All) Fumbler: if i made a fuckin mk instead of a panda this game would be over
(40:19 / Allies) SMEAGEL: goin to blaze n eat kfc
(40:28 / Allies) SMEAGEL: gg pupr
(40:35 / Allies) Fumbler: gg
(40:37 / All) tadatdatdatdow: lol
(40:40 / All) tadatdatdatdow: nice one pink
(40:41 / Allies) Fumbler: share
(41:40 / All) tadatdatdatdow: yellow still working on it
(41:46 / All) tadatdatdatdow: he'll get there sooner or later
(41:49 / All) tadatdatdatdow: but probably later
(42:04 / All) ExtremePorn: It takes al ong time to clean out the trash
(42:17 / All) tadatdatdatdow: oh good one!
(42:18 / All) tadatdatdatdow: wowo
(42:21 / All) tadatdatdatdow: lol
(42:25 / All) tadatdatdatdow: the trash card
(42:26 / All) ExtremePorn: I'm a sanitary engineer
(42:28 / All) tadatdatdatdow: lol
(42:33 / All) ExtremePorn: Thanks
(42:35 / All) ExtremePorn: I came up with it myself
(42:37 / All) ExtremePorn: Unlike yours
(42:47 / All) tadatdatdatdow: oh that hurt me bad
(42:56 / All) tadatdatdatdow: makes me shiva
(43:00 / All) ExtremePorn: I'm sure
(43:04 / All) tadatdatdatdow: Well gg folks latas
(43:05 / All) ExtremePorn: I bet you are quivering in fear right now
(43:11 / All) ExtremePorn: He was
(43:13 / All) ExtremePorn: So he left
(44:23 / All) Fumbler: of course
(44:26 / All) Fumbler: thanks
(48:58 / All) Fumbler: i feel like im in campaign
(49:02 / All) Fumbler: all i have is a paladin
(50:55 / All) Fumbler: u cant kiill him
(51:01 / All) dripinbeefflapz: fuck this, red just wants to jerk off in his base, fuck this
(51:34 / All) Gifty: Jesus you all suck
(51:41 / All) ExtremePorn: I know, they're awful
(51:43 / All) Gifty: Won this all by my fucking self
(51:46 / All) ExtremePorn: It's unbelievable 1 player beat them all
(51:47 / All) dripinbeefflapz: u didnt help us at all red, ur lvl 2 dk
(51:55 / All) ExtremePorn: They won it all by themselves
(51:57 / All) ExtremePorn: You suck pink
(52:00 / All) ExtremePorn: Worst player on your team
(52:10 / All) ExtremePorn: My granny could player better than you and she's dead
(52:28 / All) dripinbeefflapz: map hacker
(52:31 / All) dripinbeefflapz: fuck u yellow
(52:32 / All) Fumbler: seriously
(52:34 / All) ExtremePorn: It took you that long?
(53:17 / All) Fumbler: u cant kill him
(53:22 / All) ExtremePorn: I already did once
(53:23 / All) Fumbler: hes ballador the bright
(53:23 / All) ExtremePorn: I can again
(53:30 / All) ExtremePorn: Aldos Firestar will cleanse him with fire
(53:33 / All) ExtremePorn: He shall be purged
(53:36 / All) ExtremePorn: The scourge shall prevail
(53:45 / All) ExtremePorn: The bloodmage helps the undead
(53:49 / All) ExtremePorn: See the campaign
(53:51 / All) ExtremePorn: spoiler alert
(54:12 / All) Fumbler: but hes ballador
(54:15 / All) Fumbler: not arthas
(54:42 / All) ExtremePorn: I don't even remember who Kael fought in the campaign just that he helped the Scourge since Garithos was a cocksucker
(55:49 / All) Fumbler: this is somehow more fun than elaving and starting a new game
(57:39 / All) Fumbler: damnit
(57:41 / All) ExtremePorn: Got him
(57:50 / All) Fumbler: now what
(59:51 / All) Fumbler: this game is out of control
(60:02 / All) dripinbeefflapz: red is still only a lvl 3 hero, hahaha
(60:04 / All) Fumbler: like how does it still have a player base when people can do this
(60:04 / All) dripinbeefflapz: what a noob
(60:10 / All) ExtremePorn: Red soloed all of you
(60:20 / All) ExtremePorn: Okay
(60:21 / All) ExtremePorn: Now
(60:24 / All) ExtremePorn: Red and I will kill everything
(60:27 / All) ExtremePorn: Including our own units
(60:32 / All) ExtremePorn: There will be no ways of finishing the other team
(60:35 / All) ExtremePorn: Last to leave leaves victorious
(61:12 / All) Fumbler: a stalemate?
(61:16 / All) Fumbler: ur making a stalemate?
(61:19 / All) ExtremePorn: Yes, you will have equal chances of winning
(61:23 / All) Fumbler: can i keep my lumber mill?
(61:29 / All) Fumbler: ftt?
(61:29 / All) ExtremePorn: Of course
(61:34 / All) ExtremePorn: As long as you cannot build
(63:03 / All) dripinbeefflapz: lol
(63:09 / All) dripinbeefflapz: stupid red
(63:10 / All) ExtremePorn: Aight, standoff is about to begin
(63:13 / All) ExtremePorn: Good luck everyone
(63:23 / All) ExtremePorn: You all have equal chances of victory
(63:24 / All) dripinbeefflapz: red is unsummoning all his buildings
(63:26 / All) dripinbeefflapz: lol
(63:27 / All) ExtremePorn: LET IT BEGIN LET IT BEGIN
(63:41 / All) ExtremePorn: I admittedly played below my standard and my trashtalk wasn't as good as usual
(63:44 / All) ExtremePorn: I'm rusty
(63:56 / All) ExtremePorn: I haven't played in a month since Flamechampion and Turncoat have disappeared
(63:58 / All) dripinbeefflapz: too much extreme porn watching
(64:05 / All) ExtremePorn: I know you faggots will probably see this replay too
(64:14 / All) ExtremePorn: At least I have a new stabbing buddy
(64:18 / All) dripinbeefflapz: red is going mass shades
(64:22 / All) ExtremePorn: Good
(64:24 / All) ExtremePorn: Very obedient
(64:41 / All) dripinbeefflapz: i go unseen
(64:47 / All) dripinbeefflapz: what needs revealing
(65:07 / All) dripinbeefflapz: i go unseen
(65:15 / All) ExtremePorn: 1 food of red unknown
(65:31 / All) dripinbeefflapz: wheres all ur units yellow? what happened?
(65:44 / All) ExtremePorn: I killed them all, just checking last units
(65:45 / All) ExtremePorn: Anyway
(65:47 / All) ExtremePorn: Good luck everyone